 Dungeon Crawl Stone Soup version 0.11.3 (console) character file.

79 Lightli the Changer (level 3, 0/20 HPs)
             Began as a Deep Elf Stalker on July 4, 2022.
             Slain by a goblin
             ... wielding a +0,+0 dagger
              (2 damage)
             ... on Level 1 of the Dungeon.
             The game lasted 00:02:59 (1291 turns).

Lightli the Changer (Deep Elf Stalker)              Turns: 1291, Time: 00:03:00

HP   0/20        AC  3     Str  7      XL: 3   Next: 10%
MP   5/7         EV 13     Int 17      God:
Gold 47          SH  0     Dex 16      Spells:  2 memorised,  2 levels left

Res.Fire  : . . .   See Invis. : .   a - +2 elf dagger {=f}
Res.Cold  : . . .   Warding    : .   b - +0 elf robe
Life Prot.: . . .   Conserve   : .   (no shield)
Res.Poison: .       Res.Corr.  : .   (no helmet)
Res.Elec. : .       Clarity    : .   c - +0 elf cloak
Sust.Abil.: . .     Spirit.Shd : .   (no gloves)
Res.Mut.  : .       Stasis     : .   (no boots)
Res.Rott. : .       Ctrl.Telep.: .   (no amulet)
Saprovore : . . .   Levitation : .   (no ring) Ctrl.Flight: .
                                     (no ring)

@: slightly resistant to hostile enchantments, stealthy
A: no striking features
a: no special abilities


You were on level 1 of the Dungeon.
You were not hungry.

You visited 1 branch of the dungeon, and saw 1 of its levels.

You collected 27 gold pieces.

Inventory:

Hand weapons
 a - a +2,+2 elven dagger (weapon) {=f}
 i - a +1,+2 short sword of venom
Armour
 b - a +0 elven robe (worn)
 c - a +0 elven cloak (worn)
Comestibles
 f - 3 bread rations
 h - an apple
 k - a chunk of rat flesh
Potions
 e - 6 potions of confusion
 g - 5 potions of poison
 j - a potion of brilliance
Books
 d - a book of Stalking

   Spells                             Type                      Level
   *Fulsome Distillation              Transmutation/Necromancy     1
   *Evaporate                         Fire/Transmutation           2
   Passwall                           Transmutation/Earth          3
   Petrify                            Transmutation/Earth          4
   Dig                                Transmutation/Earth          4


   Skills:
 - Level 0.7 Fighting
 - Level 1.0 Short Blades
 - Level 2.4 Dodging
 - Level 2.5 Stealth
 - Level 2.2 Stabbing
 - Level 1.5 Spellcasting
 + Level 3.8 Transmutations


You had 2 spell levels left.
You knew the following spells:

 Your Spells              Type           Power        Failure   Level  Hunger
a - Fulsome Distillation  Trmt/Necr      N/A          12%         1    ##.....
b - Evaporate             Fire/Trmt      ##.....      17%         2    ###....


Dungeon Overview and Level Annotations

Branches:
Dungeon (1/27)

Altars:
Xom


Message History

You completely miss the goblin. The goblin hits you with a dagger.
* * * LOW HITPOINT WARNING * * *
You are too injured to fight recklessly!
You are too injured to fight recklessly!
You are too injured to fight recklessly!
Casting: Fulsome Distillation
Confirm with . or Enter, or press ? or * to list all spells.
Throw which potion? (? for menu, Esc to quit)
Okay, then.
The goblin hits you with a dagger.
* * * LOW HITPOINT WARNING * * *
Casting: Evaporate
Confirm with . or Enter, or press ? or * to list all spells.
Throw which potion? (? for menu, Esc to quit)
Where do you want to aim your 7 potions of confusion?
Aiming: Evaporate
Press: ? - help, Shift-Dir - straight line The potion explodes!
The cloud engulfs the goblin.
The goblin hits you with a dagger.
You die...

..# #.##.# ######### ..# #.##.#
#........ ..# #.##.# #........
.(# #.##)# #........ ..#
#.##.#########........ .%# #####
#.....................
..###...####.##§#########.#######
.............§§§.................
#####........§§g@...............)
###.####.##(#########.####### #.#
#.##(# #.# ## #.# #.##)# #.# #.
#######.####.##.#########.######.
.................................
#######.####.##.#########.#######
#.# #.##.# #.#
#######.####.##.#########.#


You could see a goblin.

Vanquished Creatures
  A giant gecko (D:1)
  An ooze (D:1)
  A ball python (D:1)
  3 bats (D:1)
  2 giant cockroaches (D:1)
  5 goblins (D:1)
  2 hobgoblins (D:1)
  2 giant newts (D:1)
  9 kobolds (D:1)
  3 rats (D:1)
29 creatures vanquished.

Notes
Turn   | Place    | Note
--------------------------------------------------------------
     0 | D:1      | Lightli, the Deep Elf Stalker, began the quest for the Orb.
     0 | D:1      | Reached XP level 1. HP: 12/12 MP: 2/2
   241 | D:1      | Reached XP level 2. HP: 8/16 MP: 4/4
   393 | D:1      | Found a shimmering altar of Xom.
   397 | D:1      | Learned a level 2 spell: Evaporate
   427 | D:1      | Reached skill level 3 in Transmutations
  1042 | D:1      | Reached XP level 3. HP: 12/20 MP: 7/7
  1291 | D:1      | Slain by a goblin
